 Dungeon Crawl Stone Soup version 0.18.1-8-gdd0e5ea (webtiles) character file.

112 inmateoo the Covered (level 5, 0/36 HPs)
             Began as a Halfling Fighter on May 27, 2016.
             Was an Initiate of Kikubaaqudgha.
             Slain by Sigmund
             ... wielding a +0 scythe
              (5 damage)
             ... on level 3 of the Dungeon.
             The game lasted 00:03:07 (2017 turns).

inmateoo the Covered (Halfling Fighter)             Turns: 2017, Time: 00:03:08

Health: 0/36       AC:  9    Str: 17    XL:     5   Next: 16%
Magic:  14/14      EV:  6    Int:  7    God:    Kikubaaqudgha [......]
Gold:   72         SH: 10    Dex: 14    Spells: 0 memorised, 4 levels left

rFire  . . .     SeeInvis .     a - +0 long sword
rCold  . . .     Gourm    .     t - +0 chain mail
rNeg   . . .     Faith    .     c - +0 shield
rPois  .         Spirit   .     (no helmet)
rElec  .         Dismiss  .     (no cloak)
rCorr  .         Reflect  .     (no gloves)
SustAt .         Harm     .     (no boots)
MR     .....                    (no amulet)
Stlth  ..........               (no ring)
                                s - ring of magical power

@: not resistant to hostile enchantments, extremely unstealthy
A: mutation resistance 1
a: Renounce Religion


You were on level 3 of the Dungeon.
You worshipped Kikubaaqudgha.
Kikubaaqudgha was noncommittal.
You were not hungry.

You visited 1 branch of the dungeon, and saw 4 of its levels.

You collected 72 gold pieces.

Inventory:

Hand Weapons
 a - a +0 long sword (weapon)
Armour
 c - a +0 shield (worn)
 q - a +0 plate armour
 t - a +0 chain mail (worn)
Jewellery
 s - a ring of magical power (left hand)
Scrolls
 b - a scroll of blinking {unknown}
 e - 2 scrolls of identify {unknown}
 g - 2 scrolls of teleportation {unknown}
 i - a scroll of random uselessness {unknown}
 m - 3 scrolls of magic mapping {unknown}
 o - 2 scrolls of remove curse {unknown}
Potions
 d - a potion of might
 k - a potion of resistance {unknown}
 l - a potion of curing {unknown}
 r - a potion of heal wounds {unknown}
 u - a potion of flight {unknown}
 v - a potion of experience {unknown}
 w - a potion of agility {unknown}
Comestibles
 f - a bread ration
 h - 8 fruits
 j - a beef jerky
 n - a meat ration
 p - a slice of pizza


   Skills:
 + Level 3.2 Fighting
 * Level 3.1 Long Blades
 + Level 4.1 Armour
 + Level 4.1 Shields


You had 4 spell levels left.
You didn't know any spells.

Dungeon Overview and Level Annotations

Branches:
Dungeon (4/15)
 Temple: D:4-7

Altars:
Dithmenos
Elyvilon
Fedhas
Kikubaaqudgha
Ru
Vehumet

Annotations:
D:3 Ektor's ghost, amateur MiBe; Sigmund


Innate Abilities, Weirdness & Mutations

You are small and have problems with some larger weapons.
You are somewhat resistant to further mutation.


Message History

Something hits you.
You closely miss something.
You hear some strange, mumbled words.
A puff of flame appears from out of thin air!
The puff of flame hits you!
You hear some strange, mumbled words.
You are confused.
You bump into the rock wall.
Something hits you.
You completely miss something. Something hits you!
You're too confused to move!
You hit something.
You hear some strange, mumbled words.
A puff of flame appears from out of thin air!
The puff of flame hits you!
* * * LOW HITPOINT WARNING * * *
You bump into the rock wall.
You feel less confused. Something hits you.
You die...
Kikubaaqudgha rasps: "You have failed me!
Welcome... death!"

........###
.....?..#<#
....$...#.# ###
..........#...
..........#.###
.......#......###
.......#..#....(
.......##.###.##
....... #@#..[#
.......##{..###.#
########..>.....#
#?######## #. #.
#. #. #.


There were no monsters in sight!

Vanquished Creatures
  An iguana (D:3)
  An adder (D:3)
  An ooze (D:3)
  A worm (D:2)
  A dart slug (D:3)
  2 giant geckos (D:1)
  4 orcs (D:3)
  2 giant cockroaches (D:1)
  10 hobgoblins
  10 jackals
  6 kobolds
  8 bats
  5 giant newts
  3 goblins
  2 rats (D:2)
57 creatures vanquished.

Notes
Turn   | Place    | Note
--------------------------------------------------------------
     0 | D:1      | inmateoo the Halfling Fighter began the quest for the Orb.
     0 | D:1      | Reached XP level 1. HP: 15/15 MP: 1/1
   244 | D:1      | Reached XP level 2. HP: 14/20 MP: 2/2
   567 | D:1      | Reached XP level 3. HP: 25/25 MP: 3/3
  1168 | D:2      | Reached XP level 4. HP: 30/31 MP: 4/4
  1431 | D:2      | Found a shadowy altar of Dithmenos.
  1436 | D:2      | Found an ancient bone altar of Kikubaaqudgha.
  1436 | D:2      | Found a sacrificial altar of Ru.
  1437 | D:2      | Found a white marble altar of Elyvilon.
  1438 | D:2      | Found a blossoming altar of Fedhas.
  1440 | D:2      | Found a radiant altar of Vehumet.
  1444 | D:2      | Became a worshipper of Kikubaaqudgha
  1699 | D:3      | Reached XP level 5. HP: 29/36 MP: 5/5
  1715 | D:3      | Noticed Ektor's ghost (amateur MiBe)
  1781 | D:3      | Noticed Sigmund
  2017 | D:3      | Slain by Sigmund

Skill      XL: |  1  2  3  4 |
---------------+-------------+-----
Fighting       | 3 |  3.2
Armour         | 4 |  4.1
Shields        | 4 |  4.1
Long Blades    | 3 |  3.1

Action                   |  1- 3 |  4- 6 || total
-------------------------+-------+-------++-------
Melee: Long sword        |   114 |   100 ||   214
  Eat: Chunk             |     1 |     3 ||     4
Armor: Scale mail        |    46 |     2 ||    48
       Chain mail        |       |    43 ||    43
Dodge: Dodged            |    43 |    28 ||    71
Block: Shield            |    66 |    51 ||   117
